 Dungeon Crawl Stone Soup version 0.31.0-32-g396128a36d (webtiles) character file.

Game seed: 17477271375617176327

14485 hawla the Scorcher (level 11, -4/54 HPs)
             Began as a Deep Elf Fire Elementalist on Apr 6, 2024.
             Was a High Priest of Vehumet.
             Slain by an orc knight
             ... wielding a +0 great sword
              (17 damage)
             ... on level 2 of the Orcish Mines.
             The game lasted 00:35:22 (13117 turns).

hawla the Scorcher (Deep Elf Fire Elementalist)    Turns: 13117, Time: 00:35:22

Health: -4/54      AC:  8    Str:  7    XL:     11   Next: 89%
Magic:  3/22       EV: 14    Int: 31    God:    Vehumet [*****.]
Gold:   1350       SH:  5    Dex: 15    Spells: 3/22 levels left

rFire   . . .        B - staff of death
rCold   . . .        (no shield)
rNeg    + . .        a - +1 robe
rPois   .            Q - +1 helmet "Rariv" {Str+2}
rElec   .            b - +1 cloak of Esseomp {Fly}
rCorr   .            G - +0 pair of gloves
SInv    +            (no boots)
Will    +....        l - amulet of reflection
Stlth   ++           i - ring of see invisible
HPRegen 0.29/turn    L - +6 ring of intelligence
MPRegen 0.18/turn

%: reflection
@: about to teleport, on berserk cooldown, flying, slowed, very slow
A: no striking features
a: Renounce Religion


You were on level 2 of the Orcish Mines.
You worshipped Vehumet.
Vehumet was extremely pleased with you.
You visited 3 branches of the dungeon, and saw 14 of its levels.
You also visited: Sewer.

You collected 1440 gold pieces.
You spent 90 gold pieces at shops.

Inventory:

Hand Weapons
 x - a +4 quarterstaff of chaos
 J - the +3 falchion "Jusaih" {vamp, rPois rCorr}
   (You found it on level 7 of the Dungeon)

   rPois:     It protects you from poison rCorr: It protects you from acid and
   corrosion.
 N - a +0 scimitar of flaming
Armour
 a - a +1 robe (worn)
 b - the +1 cloak of Esseomp (worn) {Fly}
   (You found it on level 10 of the Dungeon)

   Fly:       It grants you flight.
 y - a +2 cloak of poison resistance
 G - a +0 pair of gloves (worn)
 Q - the +1 helmet "Rariv" (worn) {Str+2}
   (You found it on level 10 of the Dungeon)

   Str+2:     It affects your strength (+2).
Magical Staves
 e - a staff of earth
 w - a staff of fire
 B - a staff of death (weapon)
 P - a staff of alchemy
Jewellery
 f - a +6 ring of strength
 i - a ring of see invisible (left hand)
 l - an amulet of reflection (around neck)
 s - a +4 ring of protection
 L - a +6 ring of intelligence (right hand)
 M - a +6 ring of dexterity
 R - a ring of ice
Wands
 C - a wand of flame (6)
 H - a wand of paralysis (10)
Scrolls
 g - 5 scrolls of revelation
 m - a scroll of teleportation
 o - 3 scrolls of identify
 u - 2 scrolls of amnesia
 z - 2 scrolls of torment
 A - 2 scrolls of vulnerability
 I - 4 scrolls of poison
Potions
 c - a potion of mutation
 d - a potion of berserk rage
 j - 3 potions of degeneration {unknown}
 k - a potion of lignification {unknown}
 n - 4 potions of attraction {unknown}
 p - 2 potions of resistance {unknown}
 q - 3 potions of ambrosia {unknown}
 t - a potion of haste {unknown}
 D - a potion of heal wounds {unknown}
 F - a potion of enlightenment {unknown}
 O - a potion of invisibility {unknown}


   Skills:
 - Level 1.0 Long Blades
 + Level 10.7 Staves
 + Level 4.8 Dodging
 - Level 2.4 Stealth
 - Level 6.0 Spellcasting
 - Level 3.0 Conjurations
 - Level 1.0 Translocations
 - Level 16.2 Fire Magic
 - Level 1.4 Earth Magic
 - Level 1.0 Alchemy
 - Level 1.4 Evocations


You had 3 spell levels left.
You knew the following spells:

 Your Spells              Type           Power      Damage    Failure   Level
a - Foxfire               Conj/Fire      100%       2x1d9     1%          1
b - Scorch                Fire           100%       2d9       0%          2
c - Flame Wave            Conj/Fire      62%        2d14      1%          4
d - Iskenderun's Mystic   Conj/Tloc      21%        2d6       6%          4
e - Ignition              Fire           41%        3d12      11%         8

Your spell library contained the following spells:

 Spells                   Type           Power      Damage    Failure   Level
 Yara's Violent Unravell  Hex/Alch       6%         3d5       28%         5
 Inner Flame              Hex/Fire       56%        N/A       1%          3
 Volatile Blastmotes      Fire/Tloc      100%       2d18      1%          3
 Dazzling Flash           Conj/Hex       36%        N/A       2%          3
 Mephitic Cloud           Conj/Alch/Air  17%        N/A       2%          3
 Slow                     Hex            36%        N/A       4%          1
 Confusing Touch          Hex            9%         N/A       14%         3
 Sigil of Binding         Hex            9%         N/A       14%         3
 Vampiric Draining        Necr           13%        2d6       14%         3
 Sticky Flame             Fire/Alch      58%        2d10      1%          4
 Summon Blazeheart Golem  Fire/Summ      56%        N/A       1%          4
 Conjure Ball Lightning   Conj/Air       9%         3x3d6     67%         6
 Curse of Agony           Necr           13%        N/A       80%         5
 Silence                  Hex/Air        4%         N/A       80%         5
 Discord                  Hex            4%         N/A       100%        8
 Disjunction              Tloc           7%         N/A       100%        8


Dungeon Overview and Level Annotations

Branches:
Dungeon (11/15)            Temple (1/1) D:4            Lair (0/5) D:9
    Orc (2/2) D:10            Elf (0/3) Orc:2         Sewer (visited)

Altars:
Ashenzari
Cheibriados
Dithmenos
Elyvilon
Fedhas
Gozag
Hepliaklqana
Kikubaaqudgha
Makhleb
Nemelex Xobeh
Okawaru
Qazlal
Ru
Sif Muna
Trog
Uskayaw
Vehumet
Wu Jian
Xom
Yredelemnul
Zin
The Shining One

Shops:
D:4 *   D:7 =

Annotations:
D:10 2 runed translucent doors, metalburner8's ghost, journeyman DrIE


Message History

Vehumet accepts your kill.
Vehumet offers you knowledge of Yara's Violent Unravelling.
You feel your power returning.
You are no longer berserk.
You are exhausted.
You feel yourself slow down.
You feel better. The orc warrior misses you.
You block the orc warrior's attack.
Casting: Scorch (safe; 0% risk of failure)
Confirm with . or Enter, or press ? or * to list all spells.
Flames lash the orc warrior.
The orc warrior is moderately wounded.
The orc warrior's fire resistance burns away.
The orc warrior hits you with a +0 short sword!
* * * LOW HITPOINT WARNING * * *
Casting: Scorch (safe; 0% risk of failure)
Confirm with . or Enter, or press ? or * to list all spells.
Flames lash the orc warrior.
The orc warrior is burned terribly!
The orc warrior is severely wounded.
You hear a shout!
The orc warrior closely misses you. The orc warrior completely misses you.
Unknown command.
Casting: Scorch (safe; 0% risk of failure)
Confirm with . or Enter, or press ? or * to list all spells.
Flames lash the orc warrior.
The orc warrior is burned terribly!
You kill the orc warrior!
Vehumet accepts your kill.
Unknown command.
Items here: )) [ ††.
As you close the door, it creaks loudly!
You start resting.
An orc knight is nearby!
As you read the scroll of teleportation, it crumbles to dust.
You feel strangely unstable.
The orc knight hits you with a +0 great sword!
* * * LOW HITPOINT WARNING * * *
Unknown command.
You feel better.
The orc knight hits you with a +0 great sword!
You die...

..............................
#..#.......#....#.........#...
#..........................
#..........#..............
#...#......<.......##.#.#
...................#..#.#
.........#.......)......#
...........#####o###..#.######..
#........#.# #@).#.##..........
##.........# #.8)#^..#.........
##.........# #.))#.............
........#..# ###'#...........).
##......##.# .#.#...........
####....##.# .#.#.......)... .#
###.###.# ##........).... ## ###
#.#########..........>.. #
##...................#...


You could see an orc knight.

Vanquished Creatures
  Erica (D:8)
  A two-headed ogre (D:10)
  Nergalle (Orc:1)
  Lodul (D:10)
  An orc sorcerer (Orc:2)
  Maurice (D:8)
  6 kobold blastminers
  The ghost of mainiacjoe the Skirmisher, a novice DEHs of Hepliaklqana (D:6)
  Jeremiah (D:8)
  2 trolls
  A hornet (D:9)
  Grinder (D:6)
  12 yaks
  2 wyverns
  A wraith (D:9)
  A warg (Orc:1)
  5 vampire mosquitoes (D:10)
  3 water moccasins
  7 orc warriors
  2 centaurs
  11 ogres
  2 phantoms
  4 kobold brigands
  4 bullfrogs
  3 scorpions (D:6)
  A burial acolyte (D:6)
  14 killer bees
  3 bombardier beetles (D:5)
  An electric eel (D:10)
  A quasit (D:7)
  15 orc priests
  Crazy Yiuf (D:4)
  5 hounds
  4 sleepcaps
  3 iguanas
  11 orc wizards
  6 adders
  2 shadow imps
  A white imp (D:6)
  2 ufetubi (D:5)
  2 adder zombies (D:6)
  8 ribbon worms
  A dart slug (D:3)
  46 orcs
  2 bats
  9 endoplasms
  3 giant cockroaches
  14 goblins
  7 hobgoblins
  2 jackals
  3 quokkas
  9 ball pythons
  3 frilled lizards
  2 goblin skeletons (D:7)
  3 goblin zombies (D:7)
  2 hobgoblin zombies (D:7)
  A jackal zombie (D:6)
  27 kobolds
  A kobold zombie (D:7)
  An orc skeleton (D:7)
  2 orc zombies (D:7)
  5 rats
298 creatures vanquished.

Vanquished Creatures (collateral kills)
  A yak (D:9)
  An orc priest (D:9)
  An orc (D:9)
3 creatures vanquished.

Vanquished Creatures (others)
  506 foxfires
506 creatures vanquished.

Grand Total: 807 creatures vanquished

Notes
Turn   | Place    | Note
-------+----------+-------------------------------------------
     0 | D:1      | hawla the Deep Elf Fire Elementalist began the quest for
                  | the Orb.
     0 | D:1      | Reached XP level 1. HP: 10/10 MP: 6/6
   398 | D:1      | Reached XP level 2. HP: 15/15 MP: 5/8
   401 | D:1      | Learned a level 2 spell: Scorch
   893 | D:1      | Got the Exposition on the Blaze
  1215 | D:1      | Reached skill level 1 in Earth Magic
  1215 | D:1      | Reached skill level 1 in Evocations
  1535 | D:2      | Reached XP level 3. HP: 19/19 MP: 6/9
  1943 | D:3      | Reached skill level 4 in Fire Magic
  1996 | D:3      | Reached skill level 1 in Staves
  2048 | D:3      | Found a glowing drain.
  2088 | Sewer    | Entered a sewer
  2139 | Sewer    | Reached XP level 4. HP: 24/24 MP: 5/10
  2144 | Sewer    | Learned a level 4 spell: Flame Wave
  2317 | Sewer    | Noticed a kobold brigand
  2325 | Sewer    | Killed a kobold brigand
  2326 | Sewer    | Reached XP level 5. HP: 25/28 MP: 2/13
  3097 | D:3      | Noticed a phantom
  3103 | D:3      | Killed a phantom
  3104 | D:3      | Reached skill level 5 in Fire Magic
  3251 | D:3      | Found a broken altar of Ashenzari.
  3527 | D:4      | Noticed an ogre
  3533 | D:4      | Killed an ogre
  3534 | D:4      | Reached XP level 6. HP: 32/32 MP: 5/15
  3647 | D:4      | Found a runed translucent door.
  3648 | D:4      | Noticed Crazy Yiuf
  3808 | D:4      | Found Zinoqamn's General Store.
  3811 | D:4      | Bought a scroll of blinking for 90 gold pieces
  3844 | D:4      | Reached skill level 5 in Spellcasting
  3938 | D:4      | Found a staircase to the Ecumenical Temple.
  3978 | Temple   | Entered the Ecumenical Temple
  4004 | Temple   | Became a worshipper of Vehumet
  4049 | D:4      | Identified the +5 hand axe of Anger {heavy, Str+3 Int-4
                  | Stlth+}
  4058 | D:4      | Reached skill level 6 in Fire Magic
  4988 | D:4      | Found a sparkling altar of Nemelex Xobeh.
  5164 | D:4      | Killed Crazy Yiuf
  5165 | D:4      | Reached XP level 7. HP: 36/36 MP: 9/16
  5228 | D:5      | Entered Level 5 of the Dungeon
  5390 | D:5      | Reached skill level 7 in Fire Magic
  5511 | D:5      | Reached * piety under Vehumet
  5511 | D:5      | Offered knowledge of Sting by Vehumet.
  5617 | D:5      | Reached skill level 1 in Alchemy
  5854 | D:5      | Found a hide-covered altar of Uskayaw.
  5854 | D:5      | Found an iron altar of Okawaru.
  6138 | D:5      | Found a snail-covered altar of Cheibriados.
  6216 | D:6      | Reached skill level 8 in Fire Magic
  6298 | D:6      | Found a large runed translucent door.
  6298 | D:6      | Found a large runed translucent door.
  6302 | D:6      | Noticed mainiacjoe's ghost (novice DEHs)
  6349 | D:6      | Reached XP level 8. HP: 41/41 MP: 5/17
  6352 | D:6      | Reached skill level 9 in Fire Magic
  6776 | D:6      | Offered knowledge of Kiss of Death by Vehumet.
  6782 | D:6      | Found an ancient bone altar of Kikubaaqudgha.
  6882 | D:6      | Noticed Grinder
  6885 | D:6      | Killed Grinder
  6886 | D:6      | Reached skill level 10 in Fire Magic
  7010 | D:6      | Reached ** piety under Vehumet
  7517 | D:6      | Killed mainiacjoe's ghost
  7518 | D:6      | Reached skill level 11 in Fire Magic
  7649 | D:7      | Found Boasmed's Jewellery Emporium.
  7749 | D:7      | Found an opulent altar of Gozag.
  7759 | D:7      | Reached XP level 9. HP: 43/45 MP: 14/20
  8139 | D:7      | Found a glowing golden altar of the Shining One.
  8139 | D:7      | Identified the +3 falchion "Jusaih" {vamp, rPois rCorr}
  8148 | D:7      | Offered knowledge of Mercury Vapours by Vehumet.
  8699 | D:8      | Reached *** piety under Vehumet
  8776 | D:8      | Noticed Maurice
  8784 | D:8      | Killed Maurice
  8785 | D:8      | Reached skill level 12 in Fire Magic
  8871 | D:8      | Reached skill level 5 in Staves
  9019 | D:8      | Noticed Erica
  9029 | D:8      | Killed Erica
  9175 | D:8      | Noticed Jeremiah
  9182 | D:8      | Killed Jeremiah
  9183 | D:8      | Reached skill level 1 in Long Blades
  9183 | D:8      | Reached skill level 13 in Fire Magic
  9183 | D:8      | Reached XP level 10. HP: 46/50 MP: 10/21
  9190 | D:8      | Offered knowledge of Iskenderun's Mystic Blast by Vehumet.
  9361 | D:8      | Found a stormy altar of Qazlal.
  9980 | D:9      | Reached skill level 14 in Fire Magic
  9985 | D:9      | Learned a level 4 spell: Iskenderun's Mystic Blast
 10047 | D:9      | Found a sacrificial altar of Ru.
 10079 | D:9      | Found a staircase to the Lair.
 10083 | D:9      | Reached **** piety under Vehumet
 10122 | D:9      | Reached skill level 1 in Translocations
 10283 | D:9      | Offered knowledge of Stone Arrow by Vehumet.
 10601 | D:10     | Entered Level 10 of the Dungeon
 10606 | D:10     | Identified the +1 helmet "Rariv" {Str+2}
 10665 | D:10     | Identified the +1 cloak of Esseomp {Fly}
 10674 | D:10     | Reached XP level 11. HP: 35/54 MP: 14/22
 10675 | D:10     | Reached skill level 15 in Fire Magic
 10836 | D:10     | Noticed a skeletal warrior
 10864 | D:10     | Found a runed translucent door.
 10867 | D:10     | Noticed a yaktaur captain
 10868 | D:10     | Noticed a skeletal warrior
 10869 | D:10     | Found a runed translucent door.
 10878 | D:10     | Noticed Lodul
 10889 | D:10     | Noticed a skeletal warrior
 10890 | D:10     | Noticed a lich
 10892 | D:10     | Noticed metalburner8's ghost (journeyman DrIE)
 11095 | D:10     | Found a staircase to the Orcish Mines.
 11107 | D:10     | Noticed a two-headed ogre
 11116 | D:10     | Killed a two-headed ogre
 11283 | D:10     | Learned a level 8 spell: Ignition
 11284 | Orc:1    | Entered Level 1 of the Orcish Mines
 11287 | Orc:1    | Noticed Nergalle
 11294 | Orc:1    | Killed Nergalle
 11627 | Orc:1    | Found a burning altar of Makhleb.
 12217 | D:10     | Killed Lodul
 12218 | D:10     | Reached skill level 16 in Fire Magic
 12345 | D:10     | Reached skill level 10 in Staves
 12405 | D:10     | Noticed a necromancer
 12427 | D:10     | a hornet changed into a harpy
 12427 | D:10     | Noticed a harpy (shapeshifter)
 12544 | Orc:2    | Entered Level 2 of the Orcish Mines
 12545 | Orc:2    | Found a staircase to the Elven Halls.
 12876 | Orc:2    | Noticed an orc knight
 13078 | Orc:2    | Noticed an orc sorcerer
 13108 | Orc:2    | Killed an orc sorcerer
 13108 | Orc:2    | Reached ***** piety under Vehumet
 13108 | Orc:2    | Offered knowledge of Yara's Violent Unravelling by Vehumet.
 13117 | Orc:2    | Slain by an orc knight

Illustrated notes

Levels and vault maps discovered:
D:1:      sevenhm_arrival_forest_fort_large_3, layout_loops_corners
D:2:      layout_basic
D:3:      kennysheep_the_goblin_king, layout_basic, lemuel_doored_altar,
          cheibrodos_sewer_entry_bend
D:4:      layout_loops_ring, general_overflow_altar, temple_pool_b,
          serial_shops, nicolae_shop_real_fake_doors, serial_co_window_serial,
          co_window_paths_a, co_window_corner_a, co_window_of_opportunity_a,
          co_window_corner_a, co_window_cross_1, co_window_paths_c,
          co_window_of_opportunity_b, co_window_cross_2, co_window_paths_c,
          co_window_cross_2, co_window_paths_e, glass_columns_a,
          glass_columns_b, glass_columns_a, glass_columns_b,
          uniq_crazy_yiuf_cottage
D:5:      layout_loops_ring, marbit_many_paths, gammafunk_temple_overflow_pools
D:6:      layout_basic, lemuel_zombie_altar_kikubaaqudgha,
          ebering_ghost_disaster_area, uniq_grinder
D:7:      layout_gridville, nicolae_tso_besieged_by_evil,
          nicolae_gozag_seed_capital, serial_shops, nicolae_take_the_stairs
D:8:      layout_cave_pods, mainiacjoe_overflow_concentric_impassable,
          nicolae_letterblocks [nicolae_letter_subblock,
          nicolae_letter_subblock, nicolae_letter_subblock,
          nicolae_letter_subblock, nicolae_letter_subblock,
          nicolae_letter_subblock, nicolae_letter_subblock,
          nicolae_letter_subblock, nicolae_letter_subblock,
          nicolae_letter_subblock, nicolae_letter_subblock,
          nicolae_letter_subblock, nicolae_letter_subblock,
          nicolae_letter_subblock, nicolae_letter_subblock,
          nicolae_letter_subblock, nicolae_letter_subblock,
          nicolae_letter_subblock, nicolae_letter_subblock,
          nicolae_letter_subblock, nicolae_letter_subblock,
          nicolae_letter_subblock, nicolae_letter_subblock,
          nicolae_letter_subblock, nicolae_letter_subblock], uniq_maurice,
          uniq_erica, uniq_jeremiah
D:9:      layout_rooms, hangedman_ru_absence, roderic_nine_men_s_morris
D:10:     layout_big_octagon, orc_0_dummy, muffindrake_ghost_dual_entry,
          nicolae_water_bricks, uniq_lodul
D:11:     layout_irregular_city
Temple:   minmay_temple_forest_path
Orc:1:    layout_caves, basic_altar, uniq_nergalle
Orc:2:    grunt_orc_community_town_hall, layout_caves,
          grunt_orc_community_big_house_1, grunt_orc_community_big_house_2,
          grunt_orc_community_house_1, grunt_orc_community_house_2,
          grunt_orc_community_house_2, grunt_orc_community_house_2,
          grunt_orc_community_house_3, grunt_orc_community_house_3

Skill      XL: |  1  2  3  4  5  6  7  8  9 10 11 |
---------------+----------------------------------+-----
Earth Magic    | 1 |  1.4
Evocations     | 1 |  1.4
Fire Magic     | 4 5 6 8 11 13 14 16 | 16.2
Staves         | 1 2 6 8 10 | 10.7
Spellcasting   | 4 5 6 |  6.0
Conjurations   | 2 3 |  3.0
Alchemy        | 1 |  1.0
Long Blades    | 1 |  1.0
Translocations | 1 |  1.0
Dodging        | 4 |  4.8
Stealth        | |  2.4

Action                     |  1- 3 |  4- 6 |  7- 9 | 10-12 || total
---------------------------+-------+-------+-------+-------++-------
  Melee: Staff             |    14 |    13 |    65 |    54 ||   146
         Unarmed           |     1 |       |       |       ||     1
         Punch             |       |       |     2 |       ||     2
   Cast: Foxfire           |    49 |    68 |    69 |   107 ||   293
         Scorch            |    17 |    28 |    53 |    42 ||   140
         Flame Wave        |       |       |    15 |    14 ||    29
         Iskenderun's Myst |       |       |       |    12 ||    12
         Ignition          |       |       |       |    11 ||    11
  Evoke: Wand              |       |       |       |     6 ||     6
    Use: Scroll            |     5 |     1 |    11 |    12 ||    29
         Potion            |     1 |       |       |     7 ||     8
   Stab: Sleeping          |     1 |       |     1 |     1 ||     3
 Armour: Robe              |    11 |     9 |    61 |    77 ||   158
  Dodge: Dodged            |    13 |     9 |    55 |    56 ||   133
  Block: Other             |     1 |     6 |    16 |    22 ||    45
         Reflection        |     1 |     1 |     1 |     7 ||    10
